 Dungeon Crawl Stone Soup version 0.23-a0-639-ga9a3373214 (webtiles) character file.

7653 HereIgoKillingAgain the Severer (level 11, -6/123 HPs)
             Began as a Hill Orc Fighter on Dec 29, 2018.
             Was an Initiate of the Shining One.
             Mangled by a centaur warrior
             ... wielding a +0 dagger
              (12 damage)
             ... on level 10 of the Dungeon.
             The game lasted 00:18:42 (14495 turns).

HereIgoKillingAgain the Severer (Hill Orc Fighter) Turns: 14495, Time: 00:18:42

Health: -6/123     AC:  6    Str: 25    XL:     11   Next: 18%
Magic:  11/11      EV:  7    Int: 11    God:    the Shining One [......]
Gold:   580        SH:  9    Dex: 10    Spells: 10/10 levels left

rFire    . . .     SeeInvis .   a - +0 war axe
rCold    + . .     Gourm    .   k - +0 shield
rNeg     . . .     Faith    .   b - +0 scale mail
rPois    .         Spirit   .   (no helmet)
rElec    .         Reflect  .   (no cloak)
rCorr    .         Harm     .   (no gloves)
MR       .....                  (no boots)
Stlth    ..........             g - amulet of rage
HPRegen  0.30/turn              D - ring of protection from cold
MPRegen  0.12/turn              (no ring)

@: mighty, berserking, lethally poisoned (-6 -> -12), glowing, very quick
A: no striking features
a: Renounce Religion, Evoke Berserk Rage


You were on level 10 of the Dungeon.
You worshipped the Shining One.
The Shining One was noncommittal.
You were hungry.

You visited 2 branches of the dungeon, and saw 11 of its levels.

You collected 580 gold pieces.

Inventory:

Hand Weapons
 a - a +0 war axe (weapon)
 c - a +0 whip of venom
Armour
 b - a +0 scale mail (worn)
 k - a +0 shield (worn)
Jewellery
 g - an amulet of rage (around neck)
 A - an uncursed amulet of regeneration {unknown}
 D - a ring of protection from cold (left hand)
Wands
 C - a wand of flame (19)
Scrolls
 j - 3 scrolls of enchant weapon
 l - 4 scrolls of remove curse
 q - 3 scrolls of amnesia
 r - a scroll of fear {unknown}
 s - 4 scrolls of teleportation
 u - a scroll of enchant armour
 v - a scroll of random uselessness {unknown}
 w - a scroll of blinking {unknown}
 y - a scroll of summoning {unknown}
 z - a scroll of magic mapping {unknown}
Potions
 d - 2 potions of might
 e - 2 potions of heal wounds
 h - 3 potions of agility
 i - 3 potions of brilliance
 m - 2 potions of curing
 p - a potion of flight {unknown}
 t - a potion of haste
 x - 2 potions of berserk rage
Comestibles
 f - 9 rations


   Skills:
 - Level 3.6 Fighting
 + Level 19.9 Axes
 - Level 3.2 Armour
 - Level 3.2 Shields


You had 10 spell levels left.
You didn't know any spells.
Your spell library contained the following spells:

 Spells                   Type           Power        Failure   Level  Hunger
 Flame Tongue             Conj/Fire      #....        98%         1    ##.....
 Sting                    Conj/Pois      #...         98%         1    ##.....
 Poisonous Vapours        Pois/Air       #.....       99%         2    ###....
 Throw Flame              Conj/Fire      #.....       99%         2    ###....
 Conjure Flame            Conj/Fire      #.......     100%        3    ####...
 Inner Flame              Hex/Fire       #.......     100%        3    ####...
 Mephitic Cloud           Conj/Pois/Air  #.......     100%        3    ####...
 Olgreb's Toxic Radiance  Pois           #.......     100%        4    #####..
 Sticky Flame             Conj/Fire      #.......     100%        4    #####..
 Fireball                 Conj/Fire      #.........   100%        5    ######.
 Venom Bolt               Conj/Pois      #.........   100%        5    ######.


Dungeon Overview and Level Annotations

Branches:
Dungeon (10/15)            Temple (1/1) D:5
   Lair: D:8-11         Orc: D:9-12

Altars:
Ashenzari
Cheibriados
Dithmenos
Elyvilon
Fedhas
Gozag
Hepliaklqana
Kikubaaqudgha
Makhleb
Nemelex Xobeh
Okawaru
Qazlal
Ru
Sif Muna
Trog
Uskayaw
Vehumet
Wu Jian
Xom
Yredelemnul
Zin
The Shining One


Message History

You hit the centaur warrior.
The centaur warrior is lightly wounded.
The centaur warrior hits you with a +0 dagger.
* * * LOW HITPOINT WARNING * * *
Unknown command.
You are too berserk!
You slash the centaur warrior!
The centaur warrior is moderately wounded.
* * * LOW HITPOINT WARNING * * *
You feel sick. You block the centaur warrior's attack.
You slash the centaur warrior!
The centaur warrior is heavily wounded.
* * * LOW HITPOINT WARNING * * *
You feel sick. The centaur warrior barely misses you.
You slice the centaur warrior!!
The centaur warrior is almost dead.
* * * LOW HITPOINT WARNING * * *
You feel sick.
The centaur warrior hits you with a +0 dagger!
You die...

.....# ...o..
....##### ......
......... ......
......... ......
#........ ......
#...... ......
#...# ......
#######...#
......
#....@c...#
......
#.....†(..#
......
#.........#
......
#.........#
......
#.........#####.
#...............
#...............
#...............
#...............


You could see a centaur warrior.

Vanquished Creatures
  2 two-headed ogres
  A deep elf knight (D:8)
  A hippogriff (D:8)
  A hungry ghost (D:7)
  Menkaure (D:6)
  Edmund (D:6)
  2 soldier ants
  A water moccasin (D:10)
  3 orc warriors
  3 sky beasts
  2 black bears (D:6)
  5 ogres
  3 phantoms
  An ice beast (D:5)
  2 centaurs
  A big kobold (D:9)
  4 bullfrogs
  A gnoll sergeant (D:8)
  A wyvern skeleton (D:6)
  2 scorpions
  18 killer bees
  9 wights
  A howler monkey (D:4)
  3 crimson imps
  5 orc priests
  2 hounds
  A jelly (D:6)
  3 bullfrog skeletons (D:5)
  A centaur skeleton (D:9)
  14 orc wizards
  4 iguanas
  6 worker ants
  Terence (D:2)
  A hound skeleton (D:9)
  15 gnolls
  8 adders
  2 shadow imps
  An ooze (D:6)
  An adder skeleton (D:9)
  A worm (D:3)
  3 dart slugs
  4 leopard geckos
  48 orcs
  9 bats
  5 giant cockroaches
  6 hobgoblins
  16 jackals
  7 kobolds
  7 quokkas
  2 ball pythons (D:3)
  3 frilled lizards
  14 goblins
  A quokka zombie (D:7)
  2 rats (D:2)
262 creatures vanquished.

Notes
Turn   | Place    | Note
-------+----------+-------------------------------------------
     0 | D:1      | HereIgoKillingAgain the Hill Orc Fighter began the quest
                  | for the Orb.
     0 | D:1      | Reached XP level 1. HP: 19/19 MP: 1/1
    16 | D:1      | Reached skill level 3 in Axes
    53 | D:1      | Reached XP level 2. HP: 25/26 MP: 2/2
   204 | D:1      | Reached skill level 4 in Axes
   436 | D:1      | Reached XP level 3. HP: 31/31 MP: 3/3
   917 | D:2      | Reached skill level 5 in Axes
   922 | D:2      | Reached XP level 4. HP: 27/39 MP: 4/4
  1009 | D:2      | Reached skill level 6 in Axes
  1199 | D:2      | Noticed Terence
  1206 | D:2      | Killed Terence
  1405 | D:2      | Reached XP level 5. HP: 45/45 MP: 5/5
  1559 | D:2      | Found a basalt altar of Yredelemnul.
  1577 | D:2      | Reached skill level 7 in Axes
  2218 | D:4      | Reached skill level 8 in Axes
  2218 | D:4      | Reached XP level 6. HP: 26/51 MP: 6/6
  3394 | D:4      | Reached skill level 9 in Axes
  3821 | D:4      | Reached skill level 10 in Axes
  3821 | D:4      | Reached XP level 7. HP: 33/57 MP: 7/7
  4067 | D:5      | Entered Level 5 of the Dungeon
  4636 | D:5      | Reached skill level 11 in Axes
  4753 | D:5      | Reached XP level 8. HP: 19/64 MP: 8/8
  5375 | D:5      | Reached skill level 12 in Axes
  5817 | D:5      | Found a staircase to the Ecumenical Temple.
  5918 | Temple   | Entered the Ecumenical Temple
  6231 | D:6      | Found a sparkling altar of Nemelex Xobeh.
  6245 | D:6      | Noticed Edmund
  6268 | D:6      | Killed Edmund
  6351 | D:6      | Reached skill level 13 in Axes
  6624 | D:6      | Found an iron altar of Okawaru.
  6625 | D:6      | Found a snail-covered altar of Cheibriados.
  6932 | D:6      | Noticed Menkaure
  6939 | D:6      | Killed Menkaure
  6939 | D:6      | Reached skill level 14 in Axes
  6939 | D:6      | Reached XP level 9. HP: 25/70 MP: 9/9
  7161 | D:6      | Found an ornate altar of the Wu Jian Council.
  7163 | D:6      | Found a burning altar of Makhleb.
  7163 | D:6      | Found a sacrificial altar of Ru.
  7186 | D:6      | Found a shattered altar of Ashenzari.
  7197 | D:6      | Found a shimmering altar of Xom.
  7741 | D:7      | Reached skill level 15 in Axes
  8722 | D:7      | Reached skill level 16 in Axes
  8864 | D:7      | You fall through a shaft for 3 floors!
  8864 | D:10     | Entered Level 10 of the Dungeon
  9423 | D:7      | Reached XP level 10. HP: 77/77 MP: 10/10
  9567 | D:8      | Found a deep blue altar of Sif Muna.
  9786 | D:8      | Noticed a deep elf knight
  9787 | D:8      | Found a glowing golden altar of the Shining One.
  9788 | D:8      | Found a transporter.
  9788 | D:8      | Noticed a two-headed ogre
  9819 | D:8      | Reached skill level 17 in Axes
 10014 | D:8      | Found a transporter.
 10174 | D:8      | Found a white marble altar of Elyvilon.
 10980 | D:9      | Noticed a two-headed ogre
 10983 | D:9      | Found a blossoming altar of Fedhas.
 10989 | D:9      | Killed a two-headed ogre
 11018 | D:9      | Reached skill level 18 in Axes
 12337 | D:8      | Killed a two-headed ogre
 12337 | D:8      | Reached skill level 19 in Axes
 12340 | D:8      | Killed a deep elf knight
 12340 | D:8      | Reached XP level 11. HP: 45/82 MP: 11/11
 12352 | D:8      | Became a worshipper of the Shining One
 12607 | D:10     | Noticed a centaur warrior
 14495 | D:10     | HP: 6/123 [poisoned by a killer bee]
 14495 | D:10     | Mangled by a centaur warrior

Vault maps used:
D:1:      tarquinn_simple_flora_water_e, minmay_vboxes
D:2:      lemuel_crystal_altar, first_ration, uniq_terence
D:4:      minmay_door_square, minmay_ogre_servants
D:6:      nicolae_overflow_hidden_temple, nemelex_xobeh_ov_fountains_minmay,
          amethyst_overflow_temple_binary, uniq_edmund, uniq_menkaure
D:8:      led_sif_book, gammafunk_temple_overflow_arena, elyvilon_altar_4
D:9:      fedhas_altar_2
D:10:     dpeg_oklobed_lair, david_nohive_1
Temple:   cyrus_temple_forest

Skill      XL: |  1  2  3  4  5  6  7  8  9 10 |
---------------+-------------------------------+-----
Axes           | 3 4 5 6 8 10 11 14 16 19 | 19.9
Fighting       | |  3.6
Armour         | |  3.2
Shields        | |  3.2

Action                   |  1- 3 |  4- 6 |  7- 9 | 10-12 || total
-------------------------+-------+-------+-------+-------++-------
Melee: War axe           |    18 |       |   311 |   383 ||   712
       Whip              |    68 |   299 |   187 |       ||   554
Throw: Throwing net      |       |     1 |       |     1 ||     2
 Abil: Evoke Berserk Rag |     1 |       |     3 |     1 ||     5
Evoke: Wand              |       |       |       |     2 ||     2
  Use: Scroll            |       |       |    12 |     3 ||    15
       Potion            |       |       |     1 |     9 ||    10
  Eat: Chunk             |       |     5 |    10 |     1 ||    16
       Ration            |       |     2 |     3 |     5 ||    10
Armor: Scale mail        |    57 |    86 |   111 |    77 ||   331
       Skin              |       |       |    12 |    26 ||    38
Dodge: Dodged            |    35 |    75 |   100 |   100 ||   310
Block: Shield            |    28 |   128 |   182 |   148 ||   486

Table legend:
 A = Non-vault XP
 B = Vault XP
 C = Vault XP percentage of total XP
 D = Non-vault monster count
 E = Vault monster count
 F = Vault count percentage of total count
                 A         B        C        D         E       F
            +---------+---------+-------+---------+---------+-------
      Total |    7316 |    3617 |  33.1 |     227 |      35 |  13.4
            +---------+---------+-------+---------+---------+-------
        D:1 |      32 |       7 |  17.9 |      16 |       4 |  20.0
        D:2 |     139 |      32 |  18.7 |      34 |       1 |   2.9
        D:3 |     150 |       0 |   0.0 |      20 |       0 |   0.0
        D:4 |     239 |     141 |  37.1 |      14 |       9 |  39.1
        D:5 |     837 |       0 |   0.0 |      27 |       0 |   0.0
        D:6 |     968 |     336 |  25.8 |      17 |       2 |  10.5
        D:7 |    1925 |       0 |   0.0 |      38 |       0 |   0.0
        D:8 |     246 |    2279 |  90.3 |      10 |       6 |  37.5
        D:9 |    2328 |     506 |  17.9 |      38 |       8 |  17.4
       D:10 |     452 |     316 |  41.1 |      13 |       5 |  27.8
            +---------+---------+-------+---------+---------+-------
